AoeStats
← Torfhildur Þorsteinsdóttir

African Clearing

510770806Analyzed
2v2 RM · 18h ago on Oct 2, 2026· 48m 40s· 4 players
Game mode
Random Map
Map size
Medium (4 player)
Population
200
Speed
Normal
Resources
Standard
Victory
Conquest
Starting age
Dark Age
Ending age
Imperial Age
RankedLock teamsTeams togetherTeam positionsShared explorationLock speedFull tech treeHidden civsTurbo modeCheats
Victory
Defeat
1127
+13
🇰🇿 Dravidians · Kazakhstan
1097
+15
🇨🇳 Huns · China
1101
-15
🇨🇳 Persians · China
1038
-13
Torfhildur Þorsteinsdóttir
10:22 Loom
12:39 Feudal Age
13:06 Double-Bit Axe
18:47 Castle Age
17:27 Horse Collar
18:27 Bloodlines
19:05 Scale Barding Armor
25:31 Wheelbarrow
27:16 Forging
28:57 Heavy Plow
29:36 Man-at-Arms
32:58 Gold Mining
32:58 Stone Mining
36:10 Hand Cart
35:42 Town Watch
35:58 Long Swordsman
36:38 Squires
36:43 Scale Mail Armor
36:34 Fletching
38:17 Chain Barding Armor
42:11 Imperial Age
39:52 Town Patrol
40:47 Pikeman
41:27 Bodkin Arrow
41:33 Padded Archer Armor
42:08 Iron Casting
41:49 Chain Mail Armor
42:15 Ballistas
42:28 Legionary
43:54 Plate Barding Armor
43:01 Heavy Scorpion
44:14 Halberdier
46:49 Blast Furnace
46:33 Crop Rotation
46:43 Bow Saw
46:50 Capped Ram
48:08 Comitatenses
47:59 Siege Ram
49:21 Conscription
nurlan-c
3:11 Loom
13:57 Feudal Age
15:27 Wheelbarrow
18:13 Castle Age
18:39 Town Watch
18:56 Double-Bit Axe
24:50 Fletching
27:11 Thumb Ring
28:14 Husbandry
29:01 Padded Archer Armor
28:57 Bodkin Arrow
31:43 Hand Cart
32:07 Ballistics
38:24 Imperial Age
37:08 Leather Archer Armor
36:59 Gold Mining
37:53 Bow Saw
42:28 Imperial Age
43:01 Stone Mining
46:20 Horse Collar
47:14 Heavy Plow
2288741
3:50 Loom
13:19 Feudal Age
15:19 Gold Mining
17:44 Wheelbarrow
17:13 Double-Bit Axe
18:44 Stone Mining
24:09 Castle Age
22:48 Fletching
22:57 Horse Collar
24:30 Pikeman
29:40 Heavy Plow
36:07 Imperial Age
34:20 Kamandaran
34:23 Padded Archer Armor
35:13 Bow Saw
35:24 Leather Archer Armor
35:36 Ballistics
34:57 Crossbowman
35:42 Thumb Ring
35:56 Bodkin Arrow
36:49 Conscription
38:12 Ring Archer Armor
43:44 Gold Shaft Mining
43:21 Scale Barding Armor
47:40 Two-Man Saw
48:37 Crop Rotation
48:27 Forging
Noob_Forever
10:08 Loom
12:33 Feudal Age
15:49 Double-Bit Axe
16:10 Fletching
16:07 Horse Collar
23:17 Bloodlines
25:12 Scale Barding Armor
25:21 Forging
32:54 Castle Age
31:08 Scale Mail Armor
Connection lost

Rejoining the realm…

Still unreachable

The connection could not be restored.

Session expired

The server has moved on; the page needs a fresh start.